 Dungeon Crawl Stone Soup version 0.28.0-43-g3370ac3207 (webtiles) character file.

Game seed: 2202081542046871616

4134 Milton the Skirmisher (level 10, 0/126 HPs)
             Began as a Grey Draconian Monk on Mar 6, 2022.
             Was an Initiate of Ru.
             Slain by a hornet (11 damage)
             ... on level 8 of the Dungeon on Mar 7, 2022.
             The game lasted 01:00:26 (12454 turns).

Milton the Skirmisher (Grey Draconian Monk)        Turns: 12454, Time: 01:00:26

Health: 0/126      AC: 25    Str: 14 (17) XL:     10   Next: 6%
Magic:  13/13      EV:  2    Int:  7 (10) God:    Ru [......]
Gold:   259        SH:  0    Dex: 12 (15) Spells: 5/15 levels left

rFire   + . .      SeeInvis .   b - +3 short sword
rCold   x . .      Faith    .   k - orb {mayhem}
rNeg    . . .      Spirit   .   (armour unavailable)
rPois   +          Reflect  .   (helmet currently unavailable)
rElec   .          Harm     .   (cloak currently unavailable)
rCorr   .          Rampage  .   (gloves currently unavailable)
Will    .....      NoTele   +   (boots currently unavailable)
Stlth   ..........              (no amulet)
HPRegen 0.31/turn               e - ring of fire
MPRegen 0.13/turn               c - ring of poison resistance

@: confused, lethally poisoned (0 -> -5), tree-form, ambrosia-drunk
A: stationary, stasis, torment immunity, boosted hp, AC +12, (amphibious),
unfitting armour, (cold-blooded), no stealth, (fangs 1), low MP 1, (poison
resistance)
a: Renounce Religion


You were on level 8 of the Dungeon.
You worshipped Ru.
Ru was noncommittal.
You were a tree.
You visited 2 branches of the dungeon, and saw 9 of its levels.

You collected 428 gold pieces.
You spent 169 gold pieces at shops.

Inventory:

Hand Weapons
 b - a +3 short sword (weapon)
Missiles
 a - 3 boomerangs (quivered)
Armour
 k - an orb of mayhem (worn)
Jewellery
 c - a ring of poison resistance (right branch)
 e - a ring of fire (left branch)
 m - a ring of willpower
Wands
 f - a wand of digging (2)
 n - a wand of polymorph (1)
Scrolls
 i - a scroll of holy word
 o - a scroll of amnesia
Potions
 g - 2 potions of brilliance


   Skills:
 * Level 6.9 Fighting
 * Level 2.6 Short Blades
 - Level 3.0(5.1) Polearms
 - Level 6.4(6.7) Staves
 + Level 0.6 Throwing
 * Level 6.6 Dodging
 * Level 3.1 Spellcasting
 * Level 3.7 Conjurations
 * Level 0.7 Necromancy
 * Level 3.4 Fire Magic
 * Level 0.4 Air Magic
 * Level 4.0 Evocations


You had 5 spell levels left.
You knew the following spells:

 Your Spells              Type           Power      Damage    Failure   Level
a - Foxfire               Conj/Fire      36%        2x1d5     8%          1
b - Conjure Flame         Conj/Fire      9%         6-21      24%         3
c - Corpse Rot            Necr/Air       2%         N/A       38%         2
d - Flame Wave            Conj/Fire      9%         2d5       61%         4

Your spell library contained the following spells:

 Spells                   Type           Power      Damage    Failure   Level
 Poisonous Vapours        Pois/Air       2%         N/A       43%         2
 Inner Flame              Hex/Fire       5%         N/A       45%         3


Dungeon Overview and Level Annotations

Branches:
Dungeon (8/15)             Temple (1/1) D:7
   Lair: D:8-11

Altars:
Ashenzari
Cheibriados
Elyvilon
Gozag
Hepliaklqana
Kikubaaqudgha
Makhleb
Nemelex Xobeh
Okawaru
Qazlal
Ru
Sif Muna
Trog
Uskayaw
Vehumet
Wu Jian
Xom
Yredelemnul
The Shining One

Shops:
D:4 [


Innate Abilities, Weirdness & Mutations

You are a tree.
Your roots penetrate the ground, keeping you stationary.
You cannot be teleported.
You are immune to unholy pain and torment.
Your maximum health is greatly increased.
Your equipment is partially melded.
((Your dull iron-grey scales are very hard. (AC +12)))
((You are amphibious.))
You cannot fit into any form of body armour.
((You are cold-blooded and may be slowed by cold attacks.))
You cannot be stealthy.
((You have very sharp teeth.))
Your magical capacity is low. (-10% MP)
((Your system is resistant to poisons. (rPois)))


Message History

* * * LOW HITPOINT WARNING * * *
You are poisoned.
You suddenly lose the ability to move!
You feel sick. The hornet stings you.
* * * LOW HITPOINT WARNING * * *
You can move again.
It was a potion of lignification.
You turn into a tree.
Your roots penetrate the ground.
You feel sick.
The hornet stings you but does no damage. x2
You hit the hornet.
The hornet is severely wounded.
You feel sick. The hornet stings you.
* * * LOW HITPOINT WARNING * * *
You barely miss the hornet.
The hornet is severely wounded.
You feel sick. The hornet stings you.
* * * LOW HITPOINT WARNING * * *
You are more poisoned.
The hornet stings you but does no damage.
You hit the hornet but do no damage.
The hornet is severely wounded.
* * * LOW HITPOINT WARNING * * *
You feel very sick.
The hornet stings you but does no damage.
You barely miss the hornet.
The hornet is severely wounded.
* * * LOW HITPOINT WARNING * * *
You feel very sick.
The hornet stings you but does no damage. x2
You closely miss the hornet.
The hornet is severely wounded.
* * * LOW HITPOINT WARNING * * *
You feel sick.
The hornet stings you but does no damage.
It was a potion of ambrosia.
You are confused.
You feel invigorated.
You feel sick.
The hornet stings you but does no damage.
The hornet stings you!
You die...

#.# #)# ####> #.# #)#
#. #.# #.# ####. #.#
#)# #.... #.# #.#
#.##. #####.###)# ##
##.##. #.........# .[
......
#.....###.##########.#
##.#.. #..#####
#......♣yZ...# # #..
.# #.#########..# #.#
### #.# ..# ##.#.#
#..#### #.# ..# ......
......# #.# y.# .#....
.[....# #.####### ..#
###.# ......#
#........ ... ... #.#
#........ ... ###
#####.# #.#######


You could see a hornet and a hornet zombie.

Vanquished Creatures
  A hydra (D:7)
  Joseph (D:7)
  Prince Ribbit (D:5)
  Sigmund (D:5)
  A wyvern (D:8)
  A warg (D:6)
  2 sky beasts
  2 black bears
  2 centaurs
  2 phantoms
  A kobold brigand (D:6)
  2 bullfrogs (D:8)
  3 scorpions
  A wyvern zombie (D:7)
  A gnoll sergeant (D:5)
  A jelly (D:7)
  A howler monkey (D:5)
  2 gnoll shamans (D:5)
  3 hounds
  4 orc priests
  2 centaur skeletons
  3 orc wizards
  3 iguanas
  A hound skeleton (D:4)
  2 howler monkey zombies
  17 gnolls
  10 adders
  A shadow imp (D:7)
  A white imp (D:8)
  An adder skeleton (D:4)
  A worm (D:2)
  A dart slug (D:4)
  21 orcs
  6 bats
  5 endoplasms
  A giant cockroach (D:1)
  10 goblins
  9 hobgoblins
  2 jackals (D:1)
  4 quokkas
  6 ball pythons
  5 frilled lizards
  7 kobolds
  8 rats
160 creatures vanquished.

Vanquished Creatures (collateral kills)
  A gnoll sergeant (D:8)
  2 gnolls
  4 orcs
  A kobold (D:6)
8 creatures vanquished.

Vanquished Creatures (others)
  A glowing orange brain (D:8)
  An iguana (D:7)
  A gnoll (D:8)
  An orc (D:7)
  42 foxfires
46 creatures vanquished.

Grand Total: 214 creatures vanquished

Notes
Turn   | Place    | Note
-------+----------+-------------------------------------------
     0 | D:1      | Milton the Draconian Monk began the quest for the Orb.
     0 | D:1      | Reached XP level 1. HP: 19/19 MP: 1/1
   488 | D:1      | Reached XP level 2. HP: 22/26 MP: 2/2
  1211 | D:2      | Reached XP level 3. HP: 28/33 MP: 3/3
  1248 | D:2      | Reached skill level 1 in Short Blades
  1326 | D:2      | Reached skill level 1 in Staves
  1549 | D:2      | Reached XP level 4. HP: 33/40 MP: 4/4
  2847 | D:3      | Found a bloodstained altar of Trog.
  2878 | D:3      | Reached XP level 5. HP: 24/46 MP: 5/5
  3533 | D:4      | Found Raucing's Armour Emporium.
  3555 | D:4      | Reached XP level 6. HP: 40/53 MP: 6/6
  3755 | D:4      | Learned a level 1 spell: Foxfire
  4082 | D:5      | Entered Level 5 of the Dungeon
  4378 | D:5      | Your scales start taking on a dull iron-grey colour.
  4378 | D:5      | Reached XP level 7. HP: 27/60 MP: 5/7
  4571 | D:5      | Noticed Prince Ribbit
  4581 | D:5      | Reached skill level 1 in Evocations
  4591 | D:5      | Reached skill level 1 in Conjurations
  4627 | D:5      | Reached skill level 1 in Fire Magic
  4649 | D:5      | Killed Prince Ribbit
  4650 | D:5      | Reached skill level 1 in Spellcasting
  4860 | D:5      | Reached skill level 5 in Fighting
  4881 | D:5      | Reached XP level 8. HP: 5/68 MP: 9/9
  6754 | D:3      | You fall into a shaft and drop 1 floor!
  7300 | D:5      | Reached skill level 5 in Staves
  7479 | D:5      | Paralysed by a gnoll for 4 turns
  7507 | D:5      | Paralysed by a gnoll for 5 turns
  8085 | D:4      | Bought an orb of mayhem for 169 gold pieces
  8292 | D:6      | Reached skill level 5 in Dodging
  8647 | D:6      | Learned a level 3 spell: Conjure Flame
  8709 | D:6      | Noticed Sigmund
  8870 | D:6      | Gained mutation: You have very sharp teeth. [potion of
                  | mutation]
  8870 | D:6      | Gained mutation: Your magical capacity is low. (-10% MP)
                  | [potion of mutation]
  8870 | D:6      | Gained mutation: Your system is resistant to poisons.
                  | (rPois) [potion of mutation]
  9168 | D:5      | Killed Sigmund
  9169 | D:5      | Reached XP level 9. HP: 69/74 MP: 8/10
  9571 | D:7      | Noticed Joseph
  9605 | D:7      | Killed Joseph
  9940 | D:7      | Found a staircase to the Ecumenical Temple.
  9984 | Temple   | Entered the Ecumenical Temple
 10154 | Temple   | Became a worshipper of Ru the Awakened
 10158 | Temple   | Gained mutation: You cannot be stealthy. [Ru sacrifice]
 10278 | D:7      | Noticed a five-headed hydra
 10285 | D:7      | Killed a five-headed hydra
 10915 | D:7      | Learned a level 2 spell: Corpse Rot
 10932 | D:8      | Found a glowing golden altar of the Shining One.
 10977 | D:8      | Noticed a two-headed ogre
 10980 | D:8      | Noticed a glowing orange brain
 10980 | D:8      | a two-headed ogre changed into a glowing orange brain
 11006 | D:8      | Killed a glowing orange brain
 11960 | D:8      | Reached XP level 10. HP: 84/84 MP: 13/13
 11965 | D:8      | Learned a level 4 spell: Flame Wave
 12446 | D:8      | Paralysed by a hornet for 1 turns
 12454 | D:8      | Slain by a hornet

Illustrated notes

Levels and vault maps discovered:
D:1:      amcnicky_arrival_gap_in_the_tavern_cellar, layout_basic,
          minmay_misc_feat_more_columns, skrybe_limestone_x,
          roderic_cross_of_infinity, chequers_serial_rivers_small_b
D:2:      layout_loops_corners
D:3:      layout_basic, mainiacjoe_overflow_catwalk
D:4:      layout_basic, serial_shops, shop, minmay_fractal_squares_diagonal_5
D:5:      layout_loops_cross, grunt_ministairs_8, minmay_crystal_water,
          uniq_prince_ribbit1
D:6:      layout_cave_pools, serial_column_ruins, column_ruins_hut,
          column_ruins_hut, column_ruins_open_large, column_ruins_grid_3,
          column_ruins_grid_1, column_ruins_open_small, column_ruins_open_tiny,
          roderic_nine_men_s_morris, nicolae_concentric_dashed_squares_mild,
          minmay_misc_feat_chi, uniq_menkaure, uniq_sigmund
D:7:      layout_basic, minmay_temple_entry_offerings, uniq_joseph
D:8:      layout_loops_ring, mainiacjoe_overflow_small_starburst,
          eino_small_chamber_without_monster
Temple:   minmay_crystal_spiral_temple

Skill      XL: |  1  2  3  4  5  6  7  8  9 10 |
---------------+-------------------------------+-----
Stealth        | 2 3 4 0 |  0.0
Dodging        | 3 4 5 6 |  6.6
Short Blades   | 1 2 |  2.6
Staves         | 1 2 3 4 5 6 |  6.4
Fighting       | 4 5 6 |  6.9
Evocations     | 1 2 3 4 |  4.0
Conjurations   | 1 2 3 |  3.7
Fire Magic     | 1 2 3 |  3.4
Spellcasting   | 1 2 3 |  3.1
Polearms       | |  3.0
Throwing       | |  0.6
Necromancy     | |  0.7
Air Magic      | |  0.4

Action                   |  1- 3 |  4- 6 |  7- 9 | 10-12 || total
-------------------------+-------+-------+-------+-------++-------
Melee: Short sword       |    56 |    21 |   233 |    44 ||   354
       Spear             |    10 |       |       |       ||    10
       Punch             |     2 |     1 |       |       ||     3
       Tailslap          |     2 |    15 |    64 |     5 ||    86
       Quarterstaff      |       |   141 |   133 |       ||   274
       Bite              |       |       |    18 |     8 ||    26
Throw: Boomerang         |       |       |     6 |       ||     6
 Cast: Foxfire           |       |     2 |    22 |       ||    24
Invok: Sacrifice Stealth |       |       |     1 |       ||     1
Evoke: Wand              |       |     8 |    17 |     1 ||    26
  Use: Scroll            |     1 |     9 |    10 |       ||    20
       Potion            |       |     5 |     6 |     5 ||    16
 Stab: Sleeping          |     4 |     9 |     3 |       ||    16
Armor: Skin              |    17 |    58 |   171 |    21 ||   267
Dodge: Dodged            |    63 |   120 |   325 |    26 ||   534
